 Dungeon Crawl Stone Soup version 0.14-a0-226-gcf818b1 (webtiles) character file.

357 Malachi the Cudgeler (level 5, -2/50 HPs)
             Began as a Troll Abyssal Knight on Oct 10, 2013.
             Was a Believer of Lugonu.
             Killed by divine providence
             ... invoked by an orc priest
              (12 damage)
             ... on Level 5 of the Dungeon.
             The game lasted 00:05:59 (3012 turns).

Malachi the Cudgeler (Troll Abyssal Knight)         Turns: 3012, Time: 00:05:59

HP  -2/50        AC  7     Str 24      XL: 5   Next: 38%
MP   4/4         EV 10     Int  9      God: Lugonu [**....]
Gold 171         SH  0     Dex  9      Spells:  0 memorised,  4 levels left

Res.Fire  : . . .   See Invis. : .   a - +2 mace
Res.Cold  : . . .   Warding    : .   b - +0 robe
Life Prot.: . . .   Conserve   : .   (shield restricted)
Res.Poison: .       Res.Corr.  : .   j - +1 elf wizard hat
Res.Elec. : .       Clarity    : .   u - +0 cloak
Sust.Abil.: . .     Spirit.Shd : .   (gloves unavailable)
Res.Mut.  : .       Stasis     : +   (boots unavailable)
Res.Rott. : .       Flight     : .   k - amulet of stasis
Gourmand  : +                        q - ring of protection from magic {unknown}
                                     i - +4 ring of strength

@: somewhat resistant to hostile enchantments, very unstealthy
A: unfitting armour, claws 3, fast metabolism 3, gourmand, regeneration 2,
saprovore 2, tough skin 2, AC +1
a: Depart the Abyss, Bend Space, Renounce Religion


You were on level 5 of the Dungeon.
You worshipped Lugonu.
Lugonu was pleased with you.
You were full.

You visited 1 branch of the dungeon, and saw 5 of its levels.
You visited the Abyss 1 time.

You collected 151 gold pieces.

Inventory:

Hand weapons
 a - a +2,+2 mace (weapon)
Armour
 b - a +0 robe (worn)
 j - a +1 elven wizard hat (worn)
 u - a +0 cloak (worn)
Comestibles
 c - 5 meat rations
 h - a banana
 m - a snozzcumber
 n - a bread ration
 r - a pear
Scrolls
 e - 7 scrolls of remove curse
 f - 2 scrolls of curse weapon
 s - a scroll of fog {unknown}
 t - a scroll of teleportation
Jewellery
 i - a +4 ring of strength (left claw)
 k - an amulet of stasis (around neck)
 q - a ring of protection from magic (right claw) {unknown}
Potions
 g - 2 potions of heal wounds
 l - 2 potions of brilliance {unknown}
 o - 2 potions of poison {unknown}
 v - a potion of curing {unknown}
Books
 p - a book of Necromancy

   Spells                             Type                      Level
   Pain                               Necromancy                   1
   Animate Skeleton                   Necromancy                   1
   Lethal Infusion                    Charms/Necromancy            2
   Vampiric Draining                  Necromancy                   3
   Regeneration                       Charms/Necromancy            3
   Animate Dead                       Necromancy                   4
   Control Undead                     Necromancy                   4


   Skills:
 - Level 2.4 Fighting
 * Level 4.5 Maces & Flails
 - Level 2.0 Dodging
 + Level 2.7 Invocations


You had 4 spell levels left.
You didn't know any spells.

Dungeon Overview and Level Annotations

Branches:
Dungeon (5/27)
 Temple: D:4-7

Altars:
Vehumet

Shops:
D:4 *

Annotations:
D:4 epsilon's ghost, average DsSk


Innate Abilities, Weirdness & Mutations

You are too large for most types of armour.
You have claws for hands.
Your metabolism is lightning-fast.
You like to eat raw meat.
You heal very quickly.
You can eat rotten meat.
You are covered in fur (AC +1).
You have very tough skin (AC +2).


Message History

The orc wizard is heavily wounded.
The orc wizard drinks a potion.
The orc wizard seems to grow stronger.
The orc wizard hits you but does no damage.
You barely miss the orc wizard.
The orc wizard is heavily wounded.
The orc priest calls upon Beogh to heal the orc wizard.
The orc wizard is healed somewhat.
The orc wizard hits you with an orcish hand axe.
You hit the orc wizard.
The orc wizard is moderately wounded.
The orc wizard hits you with an orcish hand axe.
The orc wizard hits you with an orcish hand axe!
* * * LOW HITPOINT WARNING * * *
The orc priest glows brightly for a moment.
There is a stone staircase leading up here.
The orc wizard hits you with an orcish hand axe.
* * * LOW HITPOINT WARNING * * *
The orc priest invokes the aid of Beogh against you.
Something smites you!
You die...

#.#########.##
#..(...@ooo..#
###########.....#
.(. .


You could see an orc priest, an orc wizard and an orc.

Vanquished Creatures
  An iguana (D:4)
  An adder (D:2)
  4 gnolls
  A giant mite (D:1)
  3 worms (D:2)
  4 giant geckos
  5 orcs
  7 bats
  4 giant cockroaches
  11 goblins
  10 hobgoblins
  8 jackals
  4 giant newts
  11 kobolds
  4 rats
78 creatures vanquished.

Notes
Turn   | Place    | Note
--------------------------------------------------------------
     0 | Abyss:1  | Malachi, the Troll Abyssal Knight, began the quest for the Orb.
     0 | Abyss:1  | Reached XP level 1. HP: 20/20 MP: 1/1
    76 | Abyss:1  | Noticed a thrashing horror
    77 | D:1      | Escaped the Abyss
   235 | D:1      | Reached XP level 2. HP: 28/28 MP: 1/1
   539 | D:1      | Acquired Lugonu's first power
   644 | D:1      | Reached skill level 3 in Maces & Flails
   644 | D:1      | Reached XP level 3. HP: 23/35 MP: 2/2
  1539 | D:2      | Reached XP level 4. HP: 44/44 MP: 3/3
  1667 | D:2      | Found a radiant altar of Vehumet.
  2148 | D:3      | Acquired Lugonu's second power
  2694 | D:3      | Reached skill level 4 in Maces & Flails
  2893 | D:3      | Reached XP level 5. HP: 43/50 MP: 4/4
  2966 | D:4      | Found Lofen's Elemental Accessories.
  2988 | D:4      | Noticed epsilon's ghost (average DsSk)
  2995 | D:5      | Entered Level 5 of the Dungeon
  3012 | D:5      | Killed from afar by an orc priest

Action                   |  1- 3 |  4- 6 || total
-------------------------+-------+-------++-------
Melee: Mace              |   119 |   120 ||   239
Invok: Depart the Abyss  |     1 |       ||     1
  Use: Scroll            |     4 |     5 ||     9
       Potion            |       |     1 ||     1
